Match 45993919
Unlisted

Match 45993919
End
Scout Squad
Construct Barracks
Selects Special Operations Battlegroup
Riflemen Squad
Riflemen Squad
1⁄4-ton 4x4 Truck
Infantry Support Center
Selects M29 Weasel with M1 Pack Howitzer
Riflemen Squad
Construct Medical Station
Engineer Squad
Construct Weapon Support Center
M3 Armored Personnel Carrier
Construct Tank Depot
Selects P-47 Anti-Infantry Loiter
P-47 Anti-Infantry Loiter
Selects Smoke Screen
Selects UNKNOWN (2162291)
M4A1 Sherman Medium Tank
oziligath
BrainlesS
0
0

Comments sign in to comment!

No comments posted yet!